 Dungeon Crawl Stone Soup version 0.30-a0-55-g90e3122c3a (webtiles) character file.

Game seed: 15412491886286325070

1463 spaghetti the Trooper (level 8, 0/78 (88) HPs)
             Began as an Ogre Transmuter on Sept 9, 2022.
             Was a Believer of Cheibriados.
             Slain by an orc
             ... wielding a +0 club
              (1 damage)
             ... on level 5 of the Dungeon.
             The game lasted 00:10:56 (5755 turns).

spaghetti the Trooper (Ogre Transmuter)             Turns: 5755, Time: 00:10:58

HP:   0/78 (88)     AC:  2    Str: 20    XL:     8   Next: 77%
MP:   12/15         EV: 19    Int: 21    God:    Cheibriados [**....]
Gold: 248           SH:  0    Dex: 19    Spells: 10/16 levels left

rFire   . . .      SeeInvis .      - Unarmed
rCold   . . .      Faith    .    (shield currently unavailable)
rNeg    . . .      Spirit   .    (body armour currently unavailable)
rPois   x          Reflect  .    (helmet currently unavailable)
rElec   .          Harm     .    (cloak currently unavailable)
rCorr   .          Rampage  .    (gloves unavailable)
Will    .....                    (boots unavailable)
Stlth   ++........               (no amulet)
HPRegen 0.23/turn                n - +4 ring of slaying
MPRegen 0.14/turn                p - ring of wizardry

@: spider-form, wereblooded, heavily drained, very slow
A: venomous fangs, tiny, unfitting armour, (tough skin 1)
a: End Transformation, Renounce Religion, Bend Time


You were on level 5 of the Dungeon.
You worshipped Cheibriados.
Cheibriados was pleased with you.
You were a venomous arachnid creature.
You visited 2 branches of the dungeon, and saw 6 of its levels.
You also visited: Ossuary.

You collected 248 gold pieces.


Innate Abilities, Weirdness & Mutations

You are a venomous arachnid creature.
You have poisonous fangs.
You are tiny and dextrous.
Your spellcasting is less reliable in this form.
Your armour is entirely melded.
You are incapable of wielding weapons or throwing items.
You are too large for most types of armour.
((You have tough skin. (AC +1)))


   Skills:
 * Level 7.8 Fighting
 - Level 1.7 Dodging
 * Level 6.0 Unarmed Combat
 * Level 4.9 Spellcasting
 + Level 4.1 Transmutations
 + Level 2.8 Invocations


You had 10 spell levels left.
You knew the following spells:

 Your Spells              Type           Power      Damage    Failure   Level
a - Beastly Appendage     Tmut           44%        N/A       3%          1
b - Wereblood             Tmut           22%        N/A       4%          2
c - Spider Form           Tmut/Pois      13%        N/A       13%         3

Your spell library contained the following spells:

 Spells                   Type           Power      Damage    Failure   Level
 Slow                     Hex            20%        N/A       11%         1
 Summon Small Mammal      Summ           20%        N/A       11%         1
 Poisonous Vapours        Pois/Air       10%        N/A       16%         2
 Call Canine Familiar     Summ           5%         N/A       26%         3
 Confusing Touch          Hex            5%         N/A       26%         3
 Summon Guardian Golem    Hex/Summ       5%         N/A       26%         3
 Vampiric Draining        Necr           5%         2d6       26%         3
 Ice Form                 Ice/Tmut       13%        N/A       32%         4
 Corpse Rot               Necr/Pois/Air  5%         N/A       56%         4

Inventory:

Hand Weapons
 i - a +0 club {mace}
   (You took it off a goblin on level 1 of the Dungeon)
 r - the +2 sling of Idifur (melded) {freeze, Drain rElec Will++ Int+4}
   (You found it on level 2 of the Dungeon)

   Any ammunition fired from it freezes those it strikes, dealing additional
   cold damage.
   It can also slow down cold-blooded creatures.
   Int:       It affects your intelligence (+4).
   rElec:     It insulates you from electricity.
   Drain:     It drains your maximum health when unequipped.
   Will:      It greatly increases your willpower.
Missiles
 c - 3 poisoned darts {throwing}
 j - 62 stones {throwing}
 A - 3 boomerangs {throwing}
Armour
 a - a +0 robe
 q - a +1 robe of fire resistance (melded)
   (You found it on level 2 of the Dungeon)
Jewellery
 k - a ring of protection from cold
   (You found it on level 2 of the Dungeon)
 n - a +4 ring of slaying (left front leg)
   (You found it on level 2 of the Dungeon)
 p - a ring of wizardry (right front leg)
   (You took it off a goblin on level 2 of the Dungeon)
 w - an amulet of reflection
   (You found it on level 3 of the Dungeon)
Scrolls
 e - 3 scrolls of amnesia
 h - a scroll of silence {!r}
 o - a scroll of brand weapon
 s - a scroll of enchant armour
 y - a scroll of torment {!r}
 D - a scroll of immolation {!r!r}
Potions
 b - 3 potions of lignification {!q}
 d - 2 potions of cancellation {unknown}
 g - a potion of magic {unknown}
 l - 2 potions of ambrosia {unknown}
 m - 4 potions of mutation {unknown}
 t - 2 potions of attraction {unknown}
 u - 5 potions of curing {unknown}
 v - a potion of haste {unknown}
 x - 4 potions of heal wounds {unknown}
 z - a potion of invisibility {unknown}
 C - a potion of resistance {unknown}
 F - a potion of flight {unknown}

Dungeon Overview and Level Annotations

Branches:
Dungeon (5/15) Zot: 38366  Temple (1/1) D:4 Zot: 8769 Ossuary (visited)

Altars:
Ashenzari
Cheibriados
Dithmenos
Elyvilon
Fedhas
Gozag
Nemelex Xobeh
Okawaru
Qazlal
Ru
Sif Muna
Uskayaw
Vehumet
Wu Jian
Xom
Zin
The Shining One

.# ### #.# #^..
.. #.... ##.#
#....##.$####..
#....o.........
#.)<# #.#o# #
#s#### #....#
####.# .# #


You could see an orc priest (fleeing) and an orc.


Message History

Confirm with . or Enter, or press ? or * to list all spells.
You are stuck in your current form!
You are too injured to fight recklessly!
Really attack while wielding the +2 sling of Idifur {freeze, Drain rElec Will++ Int+4}?
You closely miss the orc wizard. Your punch misses the orc wizard.
The orc wizard casts a spell at you. The magic dart hits you.
* * * LOW HITPOINT WARNING * * *
😨 MP[+1]
You closely miss the orc wizard.
The orc wizard hits you but does no damage.
The orc wizard gestures at you while chanting.
The magic dart hits you but does no damage.
There are monsters nearby!
You clumsily bash the orc wizard but do no damage.
The orc wizard gestures at you while chanting.
You resist with almost no effort.
There are monsters nearby! 😨 HP[+1]
You clumsily bash the orc wizard.
The orc wizard completely misses you.
The orc priest calls upon Beogh to heal the orc wizard.
The orc wizard is healed somewhat.
The orc wizard hits you but does no damage.
You hear a shout!
There are monsters nearby!
You closely miss the orc wizard.
You feel less wooden.
Your +1 robe of fire resistance unmelds from your body.
You feel resistant to fire.
You hear a shout!
The orc wizard points at you and mumbles some strange words.
The puff of flame misses you.
There are monsters nearby! 😨 HP[-11]
You now have 75 max hp (-37).
You clumsily bash the orc wizard but do no damage.
The orc wizard hits you but does no damage. x2
There are monsters nearby! 😨 HP[+1] MP[+1]
You closely miss the orc wizard. You punch the orc wizard.
The orc wizard gestures at you while chanting.
The magic dart hits you.
* * * LOW HITPOINT WARNING * * *
There are monsters nearby! 😱 HP[-6]
You take 6 damage, and now have 17/75 hp.
Casting: Spider Form (dangerous; 4% risk of failure)
Confirm with . or Enter, or press ? or * to list all spells.
You turn into a venomous arachnid creature.
The +2 sling of Idifur {freeze, Drain rElec Will++ Int+4} melds into your body.
Your +1 robe of fire resistance melds into your body.
The +2 sling of Idifur {freeze, Drain rElec Will++ Int+4} stops glowing.
You feel less resistant to fire.
An orc comes into view.
It is wielding a +0 vorpal mace and quivering poisoned darts.
The orc wizard hits you but does no damage.
An orc priest comes into view.
It is wielding a +1 hand axe of flaming. 😱 MP[-3]
You lost 3 mp, and now have 11/15 mp.
You hit the orc wizard.
You feel a bit better.
You kill the orc wizard!
Cheibriados thoroughly appreciates the change of pace.
Your Unarmed Combat skill increases to level 6! 😨 HP[+3]
You regained 3 hp, and now have 20/75 hp.
You bite the orc priest!
The orc priest calls down the wrath of Beogh upon you.
You struggle to resist.
The orc priest mumbles some strange prayers to Beogh against you.
Beogh smites you!
* * * LOW HITPOINT WARNING * * *
😱 HP[-11]
You take 11 damage, and now have 9/75 hp.
You barely miss the orc priest. The orc priest completely misses you.
Unknown command.
You barely miss the orc priest.
The orc priest completely misses you. 😱 MP[+1]
You hit the orc priest.
The orc priest miscasts a cantrip.
You hit the orc priest.
You feel a bit better.
You kill the orc priest!
Cheibriados appreciates the change of pace. 😱 HP[+2]
You now have 78 max hp (+3).
You regained 2 hp, and now have 11/78 hp.
You hit the orc but do no damage. The orc completely misses you. 😱 HP[+1]
You bite the orc!
You feel a bit better.
You kill the orc!
Cheibriados thoroughly appreciates the change of pace.
The orc priest invokes the aid of Beogh against you.
Beogh smites you!
* * * LOW HITPOINT WARNING * * *
😱 HP[-11]
You take 11 damage, and now have 1/78 hp.
Okay, then.
Okay, then.
As you read the scroll of fear, it crumbles to dust.
You assume a fearsome visage.
The orc resists with some effort.
The orc priest looks frightened!
The orc hits you with a +0 club.
You die...

Skill      XL: |  1  2  3  4  5  6  7  8 |
---------------+-------------------------+-----
Fighting       | 2 3 4 5 6 7 |  7.8
Unarmed Combat | 3 4 5 6 |  6.0
Transmutations | 2 3 4 |  4.1
Invocations    | 1 2 |  2.8
Spellcasting   | 3 4 |  4.9
Dodging        | |  1.7

Action                   |  1- 3 |  4- 6 |  7- 9 || total
-------------------------+-------+-------+-------++-------
Melee: Unarmed           |   106 |    39 |   104 ||   249
       Kick              |     8 |       |       ||     8
       Headbutt          |     7 |       |       ||     7
       Punch             |     1 |       |     1 ||     2
       Sling             |       |     1 |     7 ||     8
 Fire: Sling             |     9 |   102 |    25 ||   136
Throw: Boomerang         |       |       |     2 ||     2
 Cast: Beastly Appendage |     6 |     1 |       ||     7
       Wereblood         |     2 |     9 |     9 ||    20
       Spider Form       |       |     7 |    11 ||    18
  Use: Scroll            |       |     4 |     7 ||    11
       Potion            |       |       |     1 ||     1
 Stab: Sleeping          |     2 |       |       ||     2
Armor: Robe              |    54 |    22 |     3 ||    79
       Skin              |       |     2 |    21 ||    23
Dodge: Dodged            |    70 |    65 |    85 ||   220

Levels and vault maps discovered:
D:1:      spicycebolla_arrival_ecumenical, layout_basic, minmay_pentomino_z2
D:2:      layout_loops_corners
D:3:      layout_basic, hangedman_ru_absence, uniq_natasha
D:4:      kb_forest_paths, layout_loops_ring, minmay_temple_entry_mist,
          enter_ossuary_3
D:5:      layout_rooms, feat_on_display
Temple:   kb_temple_of_zot

Notes
Turn   | Place    | Note
-------+----------+-------------------------------------------
     0 | D:1      | spaghetti the Ogre Transmuter began the quest for the Orb.
     0 | D:1      | Reached XP level 1. HP: 19/19 MP: 3/3
     0 | D:1      | magus.rc [v1.9.6]
   354 | D:1      | HP: 5/20 [frozen (5)]
   361 | D:1      | HP: 5/20 [bat (1)]
   366 | D:1      | Reached skill level 2 in Fighting
   366 | D:1      | Reached XP level 2. HP: 7/28 MP: 5/5
   674 | D:1      | Reached skill level 3 in Unarmed Combat
   674 | D:1      | Reached skill level 2 in Transmutations
   714 | D:1      | You pick up a book of Debilitation and begin reading...
   714 | D:1      | You add the spells Slow, Vampiric Draining and Confusing
                  | Touch to your library.
   803 | D:1      | Learned a level 2 spell: Wereblood
  1251 | D:2      | Reached XP level 3. HP: 35/36 MP: 4/6
  1255 | D:2      | Learned a level 3 spell: Spider Form
  1827 | D:2      | Reached skill level 3 in Fighting
  2025 | D:2      | Identified the +2 sling of Idifur {freeze, Drain rElec
                  | Will++ Int+4}
  2262 | D:3      | Reached XP level 4. HP: 45/45 MP: 4/7
  2669 | D:3      | Reached XP level 5. HP: 54/54 MP: 8/8
  2735 | D:3      | Reached skill level 4 in Fighting
  2789 | D:3      | You pick up a book of Callings and begin reading...
  2789 | D:3      | You add the spells Summon Small Mammal, Call Canine
                  | Familiar and Summon Guardian Golem to your library.
  2801 | D:3      | Reached skill level 4 in Unarmed Combat
  2901 | D:3      | You pick up a book of Changes and begin reading...
  2909 | D:3      | Noticed Natasha
  2911 | D:3      | Killed Natasha
  2995 | D:3      | Found a sacrificial altar of Ru.
  3242 | D:3      | Noticed Natasha
  3251 | D:3      | Killed Natasha
  3465 | D:3      | Noticed Natasha
  3470 | D:3      | Killed Natasha
  3471 | D:3      | Reached XP level 6. HP: 61/65 MP: 9/9
  3517 | D:4      | Reached skill level 5 in Fighting
  3811 | D:4      | Reached skill level 3 in Transmutations
  3876 | D:4      | Found a staircase to the Ecumenical Temple.
  3885 | Temple   | Entered the Ecumenical Temple
  4022 | Temple   | Became a worshipper of Cheibriados the Contemplative
  4226 | D:4      | Found a sand-covered staircase.
  4233 | Ossuary  | Entered an ossuary
  4254 | Ossuary  | Reached XP level 7. HP: 47/74 MP: 3/10
  4256 | Ossuary  | Reached skill level 6 in Fighting
  4256 | Ossuary  | Reached skill level 1 in Invocations
  4261 | Ossuary  | Reached skill level 5 in Unarmed Combat
  4440 | Ossuary  | Reached * piety under Cheibriados
  4448 | Ossuary  | Reached skill level 3 in Spellcasting
  4537 | Ossuary  | HP: 19/76 [poisoned by a scorpion]
  4542 | Ossuary  | HP: 13/76 [poisoned by a scorpion]
  4548 | Ossuary  | HP: 9/76 [poisoned by a scorpion]
  4915 | Ossuary  | Reached XP level 8. HP: 68/84 MP: 3/13
  4923 | Ossuary  | Reached skill level 2 in Invocations
  4937 | Ossuary  | Reached skill level 7 in Fighting
  4937 | Ossuary  | Reached skill level 4 in Spellcasting
  5399 | D:4      | You pick up a book of Vapours and begin reading...
  5399 | D:4      | You add the spells Poisonous Vapours and Corpse Rot to your
                  | library.
  5500 | D:4      | Reached ** piety under Cheibriados
  5695 | D:5      | Entered Level 5 of the Dungeon
  5704 | D:5      | Reached skill level 4 in Transmutations
  5745 | D:5      | HP: 17/75 [orc wizard/magic dart (6)]
  5748 | D:5      | Reached skill level 6 in Unarmed Combat
  5754 | D:5      | HP: 1/78 [orc priest/divine providence (12)]
  5755 | D:5      | Slain by an orc

Vanquished Creatures
  An ogre (D:5)
  A phantom (D:4)
  A necrophage (D:5)
  8 scorpions (Ossuary)
  3 centaur zombies (Ossuary)
  A human zombie (Ossuary)
  2 hounds (D:4)
  2 orc priests
  An iguana (D:4)
  2 scorpion zombies (Ossuary)
  Natasha (thrice) (D:3)
  2 orc wizards
  3 mummies (Ossuary)
  11 gnolls
  6 adders
  A worm (D:3)
  15 orcs
  5 endoplasms
  3 giant cockroaches
  9 goblins
  5 hobgoblins
  4 jackals (D:4)
  8 quokkas
  9 ball pythons
  6 bats
  2 frilled lizards
  3 gnoll zombies (Ossuary)
  2 goblin zombies
  4 hobgoblin zombies (Ossuary)
  10 kobolds
  2 kobold zombies (Ossuary)
  2 orc zombies (Ossuary)
  7 rats
144 creatures vanquished.

Table legend:
 A = Non-vault XP
 B = Vault XP
 C = Vault XP percentage of total XP
 D = Non-vault monster count
 E = Vault monster count
 F = Vault count percentage of total count
                 A         B        C        D         E       F
            +---------+---------+-------+---------+---------+-------
      Total |    1031 |    1059 |  50.7 |     105 |      39 |  27.1
            +---------+---------+-------+---------+---------+-------
        D:1 |      28 |       3 |   9.7 |      18 |       2 |  10.0
        D:2 |      47 |       0 |   0.0 |      16 |       0 |   0.0
        D:3 |     236 |      35 |  12.9 |      30 |       1 |   3.2
        D:4 |     326 |      11 |   3.3 |      26 |       7 |  21.2
        D:5 |     393 |       0 |   0.0 |      14 |       0 |   0.0
     Temple |       1 |       0 |   0.0 |       1 |       0 |   0.0
    Ossuary |       0 |    1010 | 100.0 |       0 |      29 | 100.0
            +---------+---------+-------+---------+---------+-------

Illustrated notes

Table legend:
 A = Kills in this place as a percentage of kills in entire the game.
 B = Kills by you in this place as a percentage of kills by you in the entire game.
 C = Kills by friends in this place as a percentage of kills by friends in the entire game.
 D = Other kills in this place as a percentage of other kills in the entire game.
 E = Experience gained in this place as a percentage of experience gained in the entire game.
 F = Experience gained in this place divided by the number of levels of this place that you have seen.
                   A       B       C       D       E      F
               +-------+-------+-------+-------+-------+----------------------
         Total | 100.0 | 100.0 |   N/A |   N/A | 100.0 | 298.6
       Dungeon |  79.2 |  79.2 |   N/A |   N/A |  51.6 | 215.8
        Temple |   0.7 |   0.7 |   N/A |   N/A |   0.0 |   1.0
       Ossuary |  20.1 |  20.1 |   N/A |   N/A |  48.3 | 1010.0
               +-------+-------+-------+-------+-------+----------------------

Table legend: (Time is in decaauts)
 A = Elapsed time spent in this place.
 B = Non-inter-level travel time spent in this place.
 C = Inter-level travel time spent in this place.
 D = Time resting spent in this place.
 E = Time spent auto-exploring this place.
 F = Levels seen in this place.
 G = Mean time per level.
                   A        B        C        D        E       F      G
               +--------+--------+--------+--------+--------+-----+--------+
         Total |   6016 |   5804 |    212 |     37 |   4837 |   7 |  859.4 |
       Dungeon |   4673 |   4511 |    162 |     25 |   3826 |   5 |  934.6 |
        Temple |    161 |    112 |     49 |      0 |     92 |   1 |  161.0 |
       Ossuary |   1181 |   1181 |      0 |     12 |    918 |   1 | 1181.0 |
               +--------+--------+--------+--------+--------+-----+--------+

Top non-repeatable levels by time:
     D:3: 1288 daAuts
 Ossuary: 1181 daAuts
     D:1: 1142 daAuts
     D:2: 1098 daAuts
     D:4: 1079 daAuts
  Temple: 161 daAuts
     D:5: 64 daAuts
